AoeStats
← Henkjood

Arena

507809919Analyzed
4v4 RM · 11d ago on Sep 19, 2026· 39m 44s· 8 players
Game mode
Random Map
Map size
Large (8 player)
Population
200
Speed
Normal
Resources
Standard
Victory
Conquest
Starting age
Dark Age
Ending age
Imperial Age
RankedLock teamsTeams togetherTeam positionsShared explorationLock speedFull tech treeHidden civsTurbo modeCheats
Victory
Defeat
🇳🇱 Turks · Netherlands
1226
+7
🇲🇽 Khitans · Mexico
1110
+11
🇺🇾 Magyars · Uruguay
1055
+13
🇳🇱 Celts · Netherlands
936
+18
🇹🇷 Mongols · Türkiye
1030
-14
🇹🇷 Huns · Türkiye
1018
-13
🇹🇷 Ethiopians · Türkiye
1003
-12
🇹🇷 Wei · Türkiye
938
-10
Parcial
6:56 Loom
11:16 Feudal Age
15:08 Castle Age
13:21 Double-Bit Axe
13:37 Domestication
16:39 Fervor
18:42 Sanctity
18:22 Devotion
21:11 Pastoralism
22:17 Bow Saw
23:16 Wheelbarrow
25:36 Hand Cart
29:23 Imperial Age
26:48 Fletching
27:30 Husbandry
27:26 Bodkin Arrow
27:32 Padded Archer Armor
27:54 Ballistics
27:40 Heavy Cavalry Archer
29:08 Leather Archer Armor
29:40 Thumb Ring
30:06 Bracer
31:09 Chemistry
31:40 Parthian Tactics
31:25 Capped Ram
32:32 Forging
32:23 Scale Mail Armor
33:40 Elite Skirmisher
35:05 Iron Casting
34:35 Scale Barding Armor
34:03 Siege Ram
34:30 Light Cavalry
35:17 Hussar
36:22 Conscription
36:23 Lamellar Armor
38:50 Treadmill Crane
39:22 Masonry
Danubio Futbol Club
11:08 Feudal Age
15:10 Castle Age
14:02 Horse Collar
14:10 Double-Bit Axe
16:26 Scale Barding Armor
17:34 Bloodlines
16:47 Light Cavalry
19:44 Loom
20:37 Wheelbarrow
22:59 Husbandry
23:40 Chain Barding Armor
28:04 Hand Cart
29:53 Town Watch
31:45 Town Patrol
36:43 Imperial Age
36:45 Hussar
38:04 Plate Barding Armor
Henkjood
2:30 Loom
11:21 Feudal Age
15:25 Castle Age
13:33 Double-Bit Axe
16:45 Wheelbarrow
19:10 Horse Collar
20:03 Heavy Plow
20:47 Bow Saw
27:47 Imperial Age
25:00 Pikeman
27:03 Scale Mail Armor
29:13 Forging
30:47 Conscription
31:43 Chain Mail Armor
32:03 Iron Casting
33:20 Elite Woad Raider
39:58 Plate Mail Armor
40:03 Arson
40:08 Gambesons
Zaadlucht
11:03 Feudal Age
14:56 Castle Age
13:48 Double-Bit Axe
20:28 Imperial Age
25:07 Padded Archer Armor
32:46 Leather Archer Armor
estimator
11:27 Feudal Age
15:31 Castle Age
14:45 Double-Bit Axe
18:49 Bow Saw
25:52 Padded Archer Armor
25:43 Fletching
25:50 Crossbowman
26:50 Leather Archer Armor
27:01 Thumb Ring
27:43 Bodkin Arrow
35:51 Imperial Age
34:05 Elite Skirmisher
37:30 Elite Skirmisher
39:37 Arbalester
IZANAGI
11:29 Feudal Age
16:20 Castle Age
15:05 Double-Bit Axe
15:02 Horse Collar
15:46 Gold Mining
19:13 Bow Saw
19:32 Heavy Plow
26:38 Husbandry
26:49 Bloodlines
31:01 Imperial Age
32:14 Padded Archer Armor
32:05 Fletching
32:26 Forging
32:16 Scale Mail Armor
32:22 Scale Barding Armor
32:31 Tuntian
32:53 Conscription
V A H I T G U E T T A
1:12 Loom
11:22 Feudal Age
16:17 Castle Age
14:13 Double-Bit Axe
15:11 Horse Collar
17:19 Bow Saw
17:38 Gold Mining
21:25 Stone Mining
22:56 Wheelbarrow
23:35 Scale Barding Armor
25:05 Gold Shaft Mining
25:02 Sanctity
24:47 Husbandry
25:29 Forging
26:59 Fletching
29:03 Iron Casting
29:22 Bloodlines
hsnkanbur
10:43 Feudal Age
15:09 Castle Age
13:34 Double-Bit Axe
14:23 Horse Collar
Connection lost

Rejoining the realm…

Still unreachable

The connection could not be restored.

Session expired

The server has moved on; the page needs a fresh start.